 Dungeon Crawl Stone Soup version 0.30-a0-702-gdf48620a09 (webtiles) character file.

Game seed: 15820471355310381693

46 Absynth the Sneak (level 3, -1/21 HPs)
             Began as a Kobold Brigand on Jan 21, 2023.
             Slain by Natasha (7 damage)
             ... on level 2 of the Dungeon.
             The game lasted 00:04:18 (1199 turns).

Absynth the Sneak (Kobold Brigand)                  Turns: 1199, Time: 00:04:19

Health: -1/21      AC:  4    Str:  8    XL:     3   Next: 95%
Magic:  3/3        EV: 15    Int: 12    God:
Gold:   58         SH:  0    Dex: 18    Spells: 2/2 levels left

rFire   . . .      SeeInvis .    n - +1 dagger (holy)
rCold   . . .      Faith    .    (no shield)
rNeg    . . .      Spirit   .    h - +0 robe
rPois   .          Reflect  .    (no helmet)
rElec   .          Harm     .    c - +0 cloak
rCorr   .          Rampage  .    i - +0 pair of gloves
Will    .....                    (no boots)
Stlth   ++++                     (no amulet)
HPRegen 0.23/turn                (no ring)
MPRegen 0.08/turn                (no ring)

@: slowed, very slow
A: small, no large weapons, nightstalker 3
a: no special abilities


You were on level 2 of the Dungeon.
You visited 1 branch of the dungeon, and saw 2 of its levels.

You collected 58 gold pieces.

Inventory:

Hand Weapons
 a - a +2 dagger
 b - a +0 sling
 n - a +1 dagger of holy wrath (weapon)
Missiles
 d - 9 poisoned darts (quivered)
 e - 3 curare-tipped darts
 o - 4 datura-tipped darts
Armour
 c - a +0 cloak (worn)
 h - a +0 robe (worn)
 i - a +0 pair of gloves (worn)
Scrolls
 g - a scroll of brand weapon {unknown}
 k - a scroll of magic mapping {unknown}
 l - a scroll of fog {unknown}
 m - a scroll of teleportation {unknown}
Potions
 f - a potion of curing {unknown}
 j - a potion of attraction {unknown}


   Skills:
 - Level 2.1 Fighting
 + Level 3.7 Short Blades
 - Level 2.1 Throwing
 + Level 2.6 Dodging
 + Level 6.0 Stealth


You had 2 spell levels left.
You didn't know any spells.
Your spell library contained the following spells:

 Spells                   Type           Power      Damage    Failure   Level
 Ozocubu's Armour         Ice            0%         N/A       69%         3
 Ozocubu's Refrigeration  Ice            0%         4d7       100%        7


Dungeon Overview and Level Annotations

Branches:
Dungeon (2/15)

Altars:

Shops:
D:1 *   D:2 =[

Annotations:
D:2 Natasha


Innate Abilities, Weirdness & Mutations

You are small and have problems with some larger weapons.
You are completely attuned to the shadows.


Message History

Natasha is heavily wounded.
Natasha misses you.
You miss Natasha.
Natasha is heavily wounded.
Natasha barely misses you.
You hit Natasha.
Natasha is heavily wounded.
Natasha barely misses you.
You hit Natasha but do no damage.
Natasha is heavily wounded.
Natasha closely misses you.
You hit Natasha.
Natasha is severely wounded.
You hit Natasha.
Natasha is severely wounded.
Natasha howls an incantation.
You feel disoriented. Natasha closely misses you.
You hit Natasha but do no damage.
Natasha is severely wounded.
Natasha barely misses you.
You hit Natasha.
Natasha is almost dead.
Natasha stares at you and mumbles some strange words.
You feel yourself slow down.
You hit Natasha but do no damage.
Natasha is almost dead.
Natasha claws you but does no damage.
You closely miss Natasha.
Natasha is almost dead.
Natasha stares at you and mumbles some strange words.
You resist with significant effort.
You hit Natasha.
Natasha is almost dead.
Natasha stares at you and mumbles some strange words.
You feel as though you will be slow longer.
You miss Natasha.
Natasha is almost dead.
Natasha misses you. Natasha claws you!
You die...

###.## #..#
##.#### #...h#
####.### #..>#
###.## .
#########†.#
#.##......@h5.#
.....##########
###...# ###.##
#..###
###########.....
................
###......##.....
#...#######.....


You could see Natasha and a shadow imp (summoned).

Vanquished Creatures
  2 dart slugs (D:1)
  3 endoplasms (D:1)
  A giant cockroach (D:2)
  5 goblins
  4 hobgoblins
  6 jackals (D:1)
  6 ball pythons (D:1)
  3 bats
  2 frilled lizards (D:1)
  4 kobolds
  2 rats (D:1)
38 creatures vanquished.

Notes
Turn   | Place    | Note
-------+----------+-------------------------------------------
     0 | D:1      | Absynth the Kobold Brigand began the quest for the Orb.
     0 | D:1      | Reached XP level 1. HP: 12/12 MP: 1/1
   152 | D:1      | Reached XP level 2. HP: 17/17 MP: 2/2
   382 | D:1      | Found Vica's General Store.
   428 | D:1      | Reached XP level 3. HP: 21/21 MP: 3/3
   502 | D:1      | Found a faded altar of an unknown god.
  1039 | D:2      | Found Sucips's Jewellery Shoppe.
  1066 | D:2      | Found Aneirpha's Armour Shop.
  1132 | D:2      | Reached skill level 6 in Stealth
  1157 | D:2      | Noticed Natasha
  1199 | D:2      | Slain by Natasha

Illustrated notes

Levels and vault maps discovered:
D:1:      lightli_arrival_isolated_outpost, layout_loops_corners, serial_shops,
          shop, hellmonk_ecumenical_altar_arch_garden
D:2:      layout_rooms, serial_shops, nicolae_shop_trees,
          nicolae_shop_temple_entry_statues_fountains,
          nicolae_shop_hallway_stairs, nicolae_titane, uniq_natasha

Skill      XL: |  1  2  3 |
---------------+----------+-----
Short Blades   | 3 |  3.7
Dodging        | 2 |  2.6
Stealth        | 6 |  6.0
Fighting       | |  2.1
Throwing       | |  2.1

Action                   || total
-------------------------++-------
Melee: Dagger            ||   104
 Fire: Sling             ||     1
 Stab: Sleeping          ||    17
Armor: Robe              ||    14
Dodge: Dodged            ||    67

Table legend: (Time is in decaauts)
 A = Elapsed time spent in this place.
 B = Non-inter-level travel time spent in this place.
 C = Inter-level travel time spent in this place.
 D = Time resting spent in this place.
 E = Time spent auto-exploring this place.
 F = Levels seen in this place.
 G = Mean time per level.
                   A        B        C        D        E       F      G
               +--------+--------+--------+--------+--------+-----+--------+
         Total |   1191 |   1191 |      0 |     26 |    870 |   2 |  595.5 |
       Dungeon |   1191 |   1191 |      0 |     26 |    870 |   2 |  595.5 |
               +--------+--------+--------+--------+--------+-----+--------+

Top non-repeatable levels by time:
     D:1: 1037 daAuts
     D:2: 153 daAuts
